 Dungeon Crawl Stone Soup version 0.31.0-11-ge490571c62 (webtiles) character file.

Game seed: 3317198261685633075

321 qw the Skirmisher (level 6, -6/34 HPs)
             Began as a Deep Elf Hunter on Feb 4, 2024.
             Mangled by an orc priest
             ... wielding a +0 trident
              (7 damage)
             ... on level 3 of the Dungeon.
             The game lasted 00:00:05 (1779 turns).

qw the Skirmisher (Deep Elf Hunter)                 Turns: 1779, Time: 00:00:06

Health: -6/34      AC:  3    Str: 10    XL:     6   Next: 22%
Magic:  8/8        EV: 12    Int: 14    God:
Gold:   55         SH:  0    Dex: 18    Spells: 5/5 levels left

rFire   . . .        a - +0 shortbow
rCold   . . .        (shield currently unavailable)
rNeg    . . .        c - +0 leather armour
rPois   .            (no helmet)
rElec   .            (no cloak)
rCorr   +            (no gloves)
SInv    .            (no boots)
Will    .....        (no amulet)
Stlth   ++           l - ring of resist corrosion
HPRegen 0.25/turn    (no ring)
MPRegen 0.11/turn

%: no passive effects
@: no status effects
A: no striking features
a: no special abilities


You were on level 3 of the Dungeon.
You visited 1 branch of the dungeon, and saw 3 of its levels.

You collected 55 gold pieces.


   Skills:
 - Level 1.5 Fighting
 - Level 9.9 Ranged Weapons
 + Level 2.6 Dodging
 - Level 1.2 Stealth


You had 5 spell levels left.
You didn't know any spells.
Your spell library was empty.

Inventory:

Hand Weapons
 a - a +0 shortbow (weapon)
Armour
 b - a +0 ring mail
 c - a +0 leather armour (worn)
Jewellery
 l - a ring of resist corrosion (left hand)
Scrolls
 f - a scroll of identify
Potions
 d - a potion of mutation
 e - a potion of might
 g - a potion of cancellation {unknown}
 h - a potion of resistance
 i - a potion of heal wounds {unknown}
 k - a potion of enlightenment {unknown}

Dungeon Overview and Level Annotations

Branches:
Dungeon (3/15)

Altars:
Zin


Message History

The rat closely misses you. x2
You shoot an arrow. The arrow hits the rat.
You kill the rat!
The rat barely misses you.
You shoot an arrow. The arrow closely misses the rat.
The rat bites you but does no damage.
You shoot an arrow. The arrow barely misses the orc.
The rat closely misses you.
You shoot an arrow. The arrow hits the orc.
The orc is severely wounded.
The orc barely misses you.
The orc priest hits you from afar with a +0 trident.
The rat barely misses you.
You shoot an arrow.
The arrow hits the orc but does no damage.
The orc is severely wounded.
A jackal comes into view.
The orc priest misses you. The orc hits you with a +0 club. The rat bites you.
You shoot an arrow. The arrow hits the orc.
You kill the orc!
The orc priest hits you from afar with a +0 trident!
The rat closely misses you.
You shoot an arrow. The arrow closely misses the rat.
A jackal comes into view.
The orc priest closely misses you. Something hits you but does no damage.
The rat twitches its whiskers.
The rat closely misses you.
The jackal moves out of view.
You shoot an arrow.
The arrow hits the rat but does no damage.
A jackal comes into view.
Something hits you.
The orc priest mumbles some strange prayers to Beogh against you.
Beogh smites you! The rat bites you but does no damage.
You hear a bark!
You shoot an arrow. The jackal barks!
The arrow hits the rat!
You kill the rat!
The orc priest hits you from afar with a +0 trident!
You die...

.# #.## #.# ### #. .#
..# #.# ##..... #.
.#####.# #.# .......
.......#####.#
.......
.###..........
....... .#
#.#.#####.# ..%.h..
.# #.#.# #.# o......
.#
#.#.#####.####)o.h...
## #.#...)......@.#
####.#######.####.#
#..#.# #.# )# #....#
#.# .# #._..# #.# .#
#....# #.# .# #..#.#
#.# .# ###### #.# .#
### .# ...


You could see an orc priest, an orc and 2 jackals.

Vanquished Creatures
  Sigmund (D:3)
  Natasha (thrice) (D:2)
  2 adders
  2 dart slugs (D:1)
  A ribbon worm (D:3)
  2 orcs (D:3)
  2 endoplasms
  A giant cockroach (D:1)
  5 hobgoblins
  7 jackals
  5 kobolds
  3 quokkas
  4 ball pythons
  6 bats
  2 frilled lizards (D:1)
  5 goblins
  7 rats
58 creatures vanquished.

Notes
Turn   | Place    | Note
-------+----------+-------------------------------------------
     0 | D:1      | qw the Deep Elf Hunter began the quest for the Orb.
     0 | D:1      | Reached XP level 1. HP: 12/12 MP: 3/3
     0 | D:1      | 0 ||| qw: Version: 0.3-a-160-g6735b56
     0 | D:1      | 0 ||| qw: Game counter: 4743
     0 | D:1      | 0 ||| qw: Melee chars always use a shield: true
     0 | D:1      | 0 ||| qw: God list: Okawaru
     0 | D:1      | 0 ||| qw: Allow faded altars: false
     0 | D:1      | 0 ||| qw: Do Orc after clearing Dungeon:15 true
     0 | D:1      | 0 ||| qw: Do second Lair branch before Depths: true
     0 | D:1      | 0 ||| qw: Lair rune preference: random
     0 | D:1      | 0 ||| qw: Goals: Normal
     0 | D:1      | 0 ||| PLANNING D:1-11
   368 | D:1      | Reached skill level 6 in Ranged Weapons
   368 | D:1      | Reached XP level 2. HP: 16/16 MP: 4/4
   579 | D:1      | Reached XP level 3. HP: 20/20 MP: 5/5
   742 | D:1      | 742 ||| DROPPING ring of flight.
   743 | D:1      | 743 ||| READING scroll labelled TIUCAS CAALL.
   747 | D:1      | 747 ||| READING scroll labelled KAEDUA NEEL.
   748 | D:1      | 748 ||| DRINKING 2 sedimented sapphire potions.
   749 | D:1      | 749 ||| DROPPING scroll of butterflies.
   865 | D:2      | Reached skill level 7 in Ranged Weapons
   987 | D:2      | Noticed Natasha
   990 | D:2      | Killed Natasha
   991 | D:2      | Reached XP level 4. HP: 25/25 MP: 6/6
  1188 | D:2      | Noticed Natasha
  1192 | D:2      | Killed Natasha
  1193 | D:2      | Reached skill level 8 in Ranged Weapons
  1226 | D:2      | Noticed Natasha
  1231 | D:2      | Killed Natasha
  1309 | D:2      | 1309 ||| UPGRADING to ring of resist corrosion.
  1310 | D:2      | 1310 ||| READING 3 scrolls labelled CYH DORRONU.
  1310 | D:2      | 1310 ||| IDENTIFYING lumpy black potion
  1311 | D:2      | 1311 ||| READING 2 scrolls of identify.
  1311 | D:2      | 1311 ||| IDENTIFYING puce potion
  1312 | D:2      | 1312 ||| READING scroll of identify.
  1312 | D:2      | 1312 ||| IDENTIFYING viscous blue potion
  1313 | D:2      | 1313 ||| READING scroll labelled HUFAADGH OLOUBE.
  1314 | D:2      | 1314 ||| READING scroll labelled RAANNI JOSUSECK.
  1478 | D:3      | Identified the +5 whip of Light {flame, ^Fragile Str+6}
  1527 | D:3      | Reached XP level 5. HP: 29/29 MP: 7/7
  1570 | D:3      | Noticed Sigmund
  1571 | D:3      | 1571 ||| DRINKING potion of haste.
  1588 | D:3      | Killed Sigmund
  1589 | D:3      | Reached skill level 9 in Ranged Weapons
  1589 | D:3      | Reached XP level 6. HP: 22/34 MP: 8/8
  1723 | D:3      | Found a glowing silver altar of Zin.
  1778 | D:3      | HP: 1/34 [orc priest/divine providence (13)]
  1779 | D:3      | Mangled by an orc priest

Levels and vault maps discovered:
D:1:      dpeg_arrival_signposts, layout_basic
D:2:      layout_basic, uniq_natasha
D:3:      layout_loops_ring, mainiacjoe_overflow_alcove_1, uniq_sigmund

Skill      XL: |  1  2  3  4  5 |
---------------+----------------+-----
Ranged Weapons | 6 7 8 9 |  9.9
Fighting       | |  1.5
Dodging        | |  2.6
Stealth        | |  1.2

Action                     |  1- 3 |  4- 6 || total
---------------------------+-------+-------++-------
   Fire: Shortbow          |   106 |    72 ||   178
    Use: Scroll            |     2 |     5 ||     7
         Potion            |     1 |     1 ||     2
 Armour: Leather armour    |    13 |    23 ||    36
  Dodge: Dodged            |    30 |    18 ||    48

Table legend:
 A = Non-vault XP
 B = Vault XP
 C = Vault XP percentage of total XP
 D = Non-vault monster count
 E = Vault monster count
 F = Vault count percentage of total count
                 A         B        C        D         E       F
            +---------+---------+-------+---------+---------+-------
      Total |     194 |     266 |  57.8 |      56 |       2 |   3.4
            +---------+---------+-------+---------+---------+-------
        D:1 |      48 |       0 |   0.0 |      27 |       0 |   0.0
        D:2 |     105 |      35 |  25.0 |      14 |       1 |   6.7
        D:3 |      41 |     231 |  84.9 |      15 |       1 |   6.2
            +---------+---------+-------+---------+---------+-------
